 Dungeon Crawl Stone Soup version 0.23.2-1-ga50397a (webtiles) character file.

Game seed: 6021471916998934915

140 Kairos the Insei (level 5, -5/33 HPs)
             Began as an Octopode Transmuter on Apr 25, 2019.
             Killed by divine providence
             ... invoked by an orc priest
              (13 damage)
             ... on level 3 of the Dungeon.
             The game lasted 00:03:15 (1938 turns).

Kairos the Insei (Octopode Transmuter)              Turns: 1938, Time: 00:03:15

Health: -5/33      AC:  1    Str: 10    XL:     5   Next: 23%
Magic:  7/8        EV: 13    Int: 16    God:
Gold:   81         SH:  0    Dex: 12    Spells: 7/8 levels left

rFire    . . .     SeeInvis .     - Unarmed
rCold    . . .     Gourm    .   (no shield)
rNeg     . . .     Faith    .   (helmet restricted)
rPois    .         Spirit   .   (no amulet)
rElec    .         Reflect  .   m - ring of resist corrosion
rCorr    +         Harm     .   (no ring)
MR       .....                  (no ring)
Stlth    +++.......             (no ring)
HPRegen  0.11/turn              (no ring)
MPRegen  0.11/turn              (no ring)
                                (no ring)
                                (no ring)

@: appendage
A: almost no armour, stealthy swim, amphibious, 8 rings, constrict 8, tentacle
spike 3, camouflage 1, gelatinous body 1
a: End Transformation


You were on level 3 of the Dungeon.
You were not hungry.
One of your tentacles had a temporary spike.
You visited 1 branch of the dungeon, and saw 3 of its levels.

You collected 81 gold pieces.

Inventory:

Missiles
 a - 12 arrows
Jewellery
 m - a ring of resist corrosion (left tentacle)
Scrolls
 b - 3 scrolls of teleportation
 f - 3 scrolls of remove curse
 g - a scroll of fear {unknown}
 j - 2 scrolls of identify
 l - a scroll of amnesia {unknown}
Potions
 d - a potion of resistance {unknown}
 e - a potion of magic {unknown}
 h - a potion of haste
 i - a potion of heal wounds {unknown}
 k - a potion of cancellation {unknown}
Comestibles
 c - 7 rations
 n - 3 chunks of flesh


   Skills:
 + Level 1.2 Fighting
 + Level 0.1 Throwing
 + Level 2.3 Dodging
 + Level 3.7 Stealth
 + Level 4.3 Unarmed Combat
 + Level 2.3 Spellcasting
 + Level 2.2 Transmutations


You had 7 spell levels left.
You knew the following spells:

 Your Spells              Type           Power        Failure   Level  Hunger
a - Beastly Appendage     Tmut           #.....       8%          1    #......

Your spell library contained the following spells:

 Spells                   Type           Power        Failure   Level  Hunger
 Sticks to Snakes         Tmut           #.......     12%         2    ###....
 Spider Form              Tmut/Pois      #.........   36%         3    ###....
 Ice Form                 Ice/Tmut       #.......     77%         4    #####..
 Blade Hands              Tmut           #.........   91%         5    ######.


Dungeon Overview and Level Annotations

Branches:
Dungeon (3/15)

Altars:


Innate Abilities, Weirdness & Mutations

You cannot wear most types of armour.
You are very stealthy in the water. (Stealth+)
You are amphibious.
You can wear up to eight rings at the same time.
You can use your tentacles to constrict eight enemies at once.
Your skin changes colour to match your surroundings (Stealth+).
Your rubbery body absorbs attacks. (AC +1, EV +1)
One of your tentacles bears a large vicious spike.


Message History

The hound barks!
Your grab misses the orc wizard.
The orc wizard hits you with a +0 dagger.
You are too injured to fight recklessly!
You are too injured to fight recklessly!
You are too injured to fight recklessly!
You are too injured to fight recklessly!
You closely miss the orc wizard. You grab the orc wizard.
You constrict the orc wizard, but do no damage.
The orc priest invokes the aid of Beogh against you.
Beogh smites you!
* * * LOW HITPOINT WARNING * * *
The orc wizard points at you and mumbles some strange words.
The puff of flame misses you.
You tentacle-slap the orc wizard. You squeeze the orc wizard.
The orc wizard is heavily wounded.
You constrict the orc wizard.
The orc priest calls down the wrath of Beogh upon you.
Beogh smites you!
You die...

#.......... #.....)....
#.......... #........<.
#.......... #..........
. ###..........
....########....#..###'#
....ooo@.†..........##..
.....o#####..####..###..
....o #........#....
.... #.######.#.##. ###
#.# #.#.... #.# #...#..
#.# ##..... ..# #.....
#.###.


You could see an orc priest, an orc wizard and 3 orcs.

Vanquished Creatures
  A bullfrog (D:2)
  A gnoll (D:1)
  An adder (D:2)
  An ooze (D:1)
  A worm (D:2)
  2 leopard geckos (D:1)
  A ball python (D:2)
  5 bats
  A giant cockroach (D:2)
  7 goblins
  6 hobgoblins
  A quokka (D:2)
  6 frilled lizards
  5 kobolds
  5 rats
44 creatures vanquished.

Notes
Turn   | Place    | Note
-------+----------+-------------------------------------------
     0 | D:1      | Kairos the Octopode Transmuter began the quest for the Orb.
     0 | D:1      | Reached XP level 1. HP: 13/13 MP: 3/3
    75 | D:1      | Reached XP level 2. HP: 18/18 MP: 5/5
   480 | D:1      | Reached skill level 1 in Stealth
   480 | D:1      | Reached XP level 3. HP: 18/23 MP: 4/6
   987 | D:2      | Noticed a bullfrog
  1331 | D:2      | Reached skill level 4 in Unarmed Combat
  1331 | D:2      | Reached XP level 4. HP: 18/28 MP: 7/7
  1731 | D:2      | Killed a bullfrog
  1731 | D:2      | Reached XP level 5. HP: 19/33 MP: 6/8
  1938 | D:3      | Killed from afar by an orc priest

Skill      XL: |  1  2  3  4 |
---------------+-------------+-----
Stealth        | 1 2 3 |  3.7
Unarmed Combat | 4 |  4.3
Fighting       | |  1.2
Throwing       | |  0.1
Dodging        | |  2.3
Spellcasting   | |  2.3
Transmutations | |  2.2

Action                   |  1- 3 |  4- 6 || total
-------------------------+-------+-------++-------
Melee: Unarmed           |    68 |    26 ||    94
       Constrict         |    19 |     6 ||    25
       Tentacles         |     7 |     2 ||     9
       Kick              |     3 |     3 ||     6
       Punch             |     1 |     3 ||     4
Throw: Throwing net      |       |     1 ||     1
 Cast: Beastly Appendage |     3 |     4 ||     7
  Use: Scroll            |     3 |       ||     3
 Stab: Sleeping          |     9 |     2 ||    11
  Eat: Chunk             |       |     3 ||     3
Armor: Skin              |     7 |       ||     7
Dodge: Dodged            |    36 |     6 ||    42
